 Dungeon Crawl Stone Soup version 0.20.0-15-g7f486f2 (webtiles) character file.

20006 Chiseanne the Nimble (level 12, 0/99 HPs)
             Began as a Demonspawn Wanderer on June 11, 2017.
             Was an Initiate of Gozag.
             Killed from afar by an oklob plant (6 damage)
             ... with a splash of acid
             ... on level 2 of the Lair of Beasts.
             The game lasted 00:35:09 (16712 turns).

Chiseanne the Nimble (Demonspawn Wanderer)         Turns: 16712, Time: 00:35:10

Health: 0/99       AC: 14    Str: 18    XL:     12   Next: 41%
Magic:  12/12      EV: 22    Int: 14    God:    Gozag
Gold:   956        SH: 24    Dex: 19    Spells: 11/11 levels left

rFire    . . .     SeeInvis +   a - +4 morningstar "Wefait" {freeze, rN++ Dex-2}
rCold    + . .     Gourm    .   e - +10 large shield of Ignorance {rN+ Int-4}
rNeg     + + +     Faith    .   D - +0 scale mail "Jetaick" {rPois SInv}
rPois    +         Spirit   .   V - +1 helmet {Int+3}
rElec    +         Reflect  .   p - scarf of Socwom {rElec}
rCorr    .         Harm     .   I - +2 pair of gloves of Honour {rElec rC+}
MR       +....                  G - +2 pair of boots {run}
Stlth    ++........             (no amulet)
Regen    0.3/turn               d - ring of protection from magic
MPRegen  0.2/turn               U - +3 ring of strength

@: agile, corroded, quick
A: claws 2, hooves 1, repulsion field 2, clever 1, foul stench 1, sense
surroundings 1, powered by pain 2, rot immunity
a: Potion Petition, Call Merchant, Bribe Branch, Renounce Religion


You were on level 2 of the Lair of Beasts.
You worshipped Gozag.
Gozag was pleased with you.
You were not hungry.

You visited 2 branches of the dungeon, and saw 13 of its levels.
You also visited: Labyrinth.

You collected 3095 gold pieces.
You spent 1483 gold pieces at shops.
You paid 656 gold pieces to Gozag.

Inventory:

Hand Weapons
 a - the +4 morningstar "Wefait" (weapon) {freeze, rN++ Dex-2}
   (You bought it in a shop on level 7 of the Dungeon)

   It has been specially enchanted to freeze those struck by it, causing extra
   injury to most foes and up to half again as much damage against particularly
   susceptible opponents.
   It can also slow down cold-blooded creatures.
   It affects your dexterity (-2).
   It greatly protects you from negative energy.
 s - a +2 scimitar of flaming
Missiles
 i - 14 sling bullets
 m - 324 stones
 q - 24 tomahawks (quivered)
 x - 55 poisoned needles
 z - 77 bolts
 H - 3 tomahawks of dispersal
Armour
 e - the +10 large shield of Ignorance (worn) {rN+ Int-4}
   (You took it off a minotaur in a labyrinth)

   It affects your intelligence (-4).
   It protects you from negative energy.
 g - the +2 pair of gloves "Seb Xienn" {rN+ SInv Stlth+}
   (You bought it in a shop on level 6 of the Dungeon)

   It protects you from negative energy.
   It lets you see invisible.
   It makes you more stealthy.
 p - the scarf of Socwom (worn) {rElec}
   (You bought it in a shop on level 7 of the Dungeon)

   It insulates you from electricity.
 r - the +2 leather armour "Fetivu" {SInv, unknown}
   (You found it on level 11 of the Dungeon)

   It lets you see invisible.
 D - the +0 scale mail "Jetaick" (worn) {rPois SInv}
   (You found it on level 4 of the Dungeon)

   It protects you from poison.
   It lets you see invisible.
 G - a +2 pair of boots of running (worn)
 I - the +2 pair of gloves of Honour (worn) {rElec rC+}
   (You bought it in a shop on level 6 of the Dungeon)

   It protects you from cold.
   It insulates you from electricity.
 V - a +1 helmet of intelligence (worn)
Jewellery
 d - a ring of protection from magic (left hand)
 L - an uncursed ring of magical power
 U - a +3 ring of strength (right hand)
Wands
 h - a wand of iceblast (8/15)
 y - a wand of digging (7/24)
 K - a wand of confusion (18/48)
 O - a wand of iceblast (5/15)
 S - a wand of lightning (0/15)
Scrolls
 b - 2 scrolls of amnesia
 c - 9 scrolls of teleportation
 f - 2 scrolls of blinking
 k - 5 scrolls of recharging
 v - a scroll of magic mapping
 w - 2 scrolls of remove curse
 C - 3 scrolls of fog
 J - a scroll of immolation
 W - a scroll of summoning
Potions
 j - 3 potions of brilliance
 l - a potion of invisibility {unknown}
 o - a potion of curing
 u - 2 potions of resistance
 A - 2 potions of ambrosia
 B - 2 potions of cancellation
 E - 4 potions of flight
 F - 3 potions of berserk rage {unknown}
 N - 2 potions of magic {unknown}
 T - a potion of heal wounds
Books
 M - Further Progress in Magic
   (You found it in a labyrinth)

   Spells                             Type                      Level
   a - Bolt of Fire                   Conjuration/Fire             6
   b - Bolt of Cold                   Conjuration/Ice              6
   c - Conjure Ball Lightning         Conjuration/Air              6
   d - Invisibility                   Hexes                        6
   e - Ozocubu's Refrigeration        Ice                          6
   f - Simulacrum                     Ice/Necromancy               6
 P - a book of Changes

   Spells                             Type                      Level
   a - Beastly Appendage              Transmutation                1
   b - Sticks to Snakes               Transmutation                2
   c - Spider Form                    Transmutation/Poison         3
   d - Ice Form                       Ice/Transmutation            4
   e - Blade Hands                    Transmutation                5
 Q - a book of the Sky

   Spells                             Type                      Level
   a - Summon Lightning Spire         Summoning/Air                4
   b - Silence                        Hexes/Air                    5
   c - Deflect Missiles               Charms/Air                   6
   d - Conjure Ball Lightning         Conjuration/Air              6
   e - Tornado                        Air                          9
 R - the Volume of Stones and Battle Magic
   (You found it in a labyrinth)

   Spells                             Type                      Level
   a - Fulminant Prism                Conjuration/Hexes            4
   b - Leda's Liquefaction            Hexes/Earth                  4
   c - Bolt of Cold                   Conjuration/Ice              6
   d - Conjure Ball Lightning         Conjuration/Air              6
Miscellaneous
 t - a phial of floods
 X - a sack of spiders
Comestibles
 n - 4 meat rations


   Skills:
 - Level 10.8 Fighting
 - Level 1.7 Long Blades
   Level 2.6(4.3) Axes
 * Level 5.3(5.6) Maces & Flails
 * Level 10.1 Armour
 * Level 11.0 Dodging
 - Level 1.0 Stealth
 * Level 4.1 Shields
 - Level 1.0 Evocations


You had 11 spell levels left.
You didn't know any spells.

Dungeon Overview and Level Annotations

Branches:
Dungeon (11/15)            Temple (0/1) D:6            Lair (2/6) D:10
    Orc (0/2) D:11
  Swamp: Lair:2-4    Shoals: Lair:2-4     Snake: Lair:2-4    Spider: Lair:2-4

Altars:
Elyvilon
Gozag
Kikubaaqudgha
Trog
Uskayaw
Xom
Zin

Shops:
D:4 [   D:6 [   D:7 *(*   D:10 (

Annotations:
Lair:1 nocturnal's ghost, journeyman TrCK
Lair:2 exclusion: oklob plant


Innate Abilities, Weirdness & Mutations

You have very sharp fingernails.
You are surrounded by a moderate repulsion field. (EV +3)
You may emit foul miasma when damaged in melee.
You sometimes gain power by taking damage.
You are immune to rotting.
You have large cloven feet.
Your mind is acute. (Int +2)
You passively map a small area around you.


Message History

You hit the oklob plant but do no damage.
The oklob plant is heavily damaged.
You hit the oklob plant but do no damage.
The oklob plant is heavily damaged.
You hit the oklob plant but do no damage.
The oklob plant is heavily damaged.
The oklob plant spits acid at you. The splash of acid hits you!
You are splashed with acid!
The acid burns!
* * * LOW HITPOINT WARNING * * *
The oklob plant spits acid at you. The splash of acid hits you!
* * * LOW HITPOINT WARNING * * *
The acid corrodes you!
You are splashed with acid!
The acid burns!
* * * LOW HITPOINT WARNING * * *
You puncture the oklob plant! You freeze the oklob plant.
The oklob plant is severely damaged.
The oklob plant spits acid at you. The splash of acid hits you!
You die...
Your body crumbles into a pile of gold.

, , , , .# ,
* ,...# , *
* ,..# ##*#
,*,..###.#.#
* .........,
*
####.......[
#P@P........
* #=).....#.
####.#.## ,
##...# # **
** #..
#....# *
####...
##...#
.......
###...#
........
#.....#
........
####....##
.........


You could see an oklob plant.

Vanquished Creatures
  A minotaur (Lab)
  Erolcha (D:11)
  3 hydras
  Erica (D:8)
  2 two-headed ogres
  Nergalle (D:10)
  2 unseen horrors
  Pikel (D:7)
  An ugly thing (D:11)
  A manticore (D:11)
  A black mamba (Lair:2)
  A spiny frog (Lair:2)
  Prince Ribbit (D:6)
  2 trolls
  5 hippogriffs
  17 yaks
  Grum (D:9)
  A steam dragon (D:11)
  A water moccasin (D:8)
  Duvessa (D:5)
  A porcupine (Lair:2)
  4 orc warriors
  4 ice beasts
  A black bear (D:9)
  A phantom (D:6)
  2 sky beasts
  2 necrophages
  7 ogres
  6 centaurs
  2 wolves
  6 crocodiles
  15 bullfrogs
  Dowan (D:5)
  A wyvern skeleton (D:10)
  A water moccasin skeleton (D:10)
  3 scorpions
  3 killer bees (D:11)
  An electric eel (Lair:2)
  15 wights
  3 crimson imps
  8 hounds
  2 quasits (D:8)
  2 jellies
  2 centaur skeletons
  6 orc priests
  A bullfrog skeleton (D:7)
  Terence (D:2)
  An iguana (D:5)
  14 orc wizards
  9 worker ants
  2 worker ant zombies
  22 adders
  3 gnolls (D:3)
  A howler monkey skeleton (D:11)
  A shadow imp (D:5)
  2 adder zombies
  3 adder skeletons
  3 worms
  6 leopard geckos
  57 orcs
  7 giant cockroaches
  3 goblins (D:2)
  8 hobgoblins
  6 jackals
  6 kobolds
  4 quokkas
  3 ball pythons
  11 bats
  4 frilled lizards
  A leopard gecko zombie (D:7)
  A quokka skeleton (D:4)
  4 rats
  A plant (Lair:2)
329 creatures vanquished.

Vanquished Creatures (others)
  2 slaves (D:7)
  A sky beast (D:7)
  An orc wizard (D:7)
  An orc (D:8)
  A jackal (D:5)
  A quokka (D:5)
  A ball python (D:7)
  2 plants
10 creatures vanquished.

Grand Total: 339 creatures vanquished

Notes
Turn   | Place    | Note
-------+----------+-------------------------------------------
     0 | D:1      | Chiseanne the Demonspawn Wanderer began the quest for the Orb.
     0 | D:1      | Chiseanne set off with: a +2 mace, a potion of lignification, a scroll of teleportation, a +0 robe, a bread ration
     0 | D:1      | Reached XP level 1. HP: 16/16 MP: 1/1
   460 | D:1      | Reached skill level 1 in Dodging
   460 | D:1      | Gained mutation: You sometimes gain a little power by taking damage. [demonic ancestry]
   460 | D:1      | Reached XP level 2. HP: 15/23 MP: 2/2
  1292 | D:2      | Reached XP level 3. HP: 29/29 MP: 3/3
  1648 | D:2      | Reached skill level 2 in Dodging
  1779 | D:2      | Found an opulent altar of Gozag.
  1779 | D:2      | Found a bloodstained altar of Trog.
  1783 | D:2      | Became a worshipper of Gozag Ym Sagoz the Greedy
  1846 | D:2      | Gained mutation: You are surrounded by a mild repulsion field. (EV +2) [demonic ancestry]
  1846 | D:2      | Reached XP level 4. HP: 29/35 MP: 4/4
  2238 | D:3      | Noticed Terence
  2247 | D:2      | Killed Terence
  2331 | D:3      | Found a hide-covered altar of Uskayaw.
  2722 | D:3      | Reached skill level 3 in Dodging
  2722 | D:3      | Reached XP level 5. HP: 22/42 MP: 5/5
  3129 | D:3      | Gained mutation: You sometimes gain power by taking damage. [demonic ancestry]
  3129 | D:3      | Reached XP level 6. HP: 35/49 MP: 6/6
  3826 | D:4      | Reached skill level 4 in Dodging
  3974 | D:4      | Reached skill level 5 in Fighting
  3988 | D:4      | Found Paskaxir's Antique Armour Shop.
  4255 | D:4      | Got a bloodstained scale mail
  4282 | D:4      | Identified the +0 scale mail "Jetaick" {rPois SInv} (You found it on level 4 of the Dungeon)
  4450 | D:5      | Entered Level 5 of the Dungeon
  4450 | D:5      | Found a glowing silver altar of Zin.
  4465 | D:5      | Gained mutation: You have sharp fingernails. [demonic ancestry]
  4465 | D:5      | Reached XP level 7. HP: 54/56 MP: 7/7
  4584 | D:5      | Found a white marble altar of Elyvilon.
  4938 | D:5      | Noticed Duvessa
  4939 | D:5      | Noticed Dowan
  4953 | D:5      | Killed Duvessa
  4959 | D:5      | Gained mutation: You have a pair of small antennae on your head. [potion of mutation]
  4959 | D:5      | Gained mutation: You are agile. (Dex +2) [potion of mutation]
  4969 | D:5      | Killed Dowan
  4969 | D:5      | Reached skill level 5 in Dodging
  5482 | D:6      | Reached XP level 8. HP: 38/65 MP: 8/8
  6268 | D:6      | Reached skill level 6 in Dodging
  6727 | D:6      | Found a staircase to the Ecumenical Temple.
  6787 | D:6      | Noticed Prince Ribbit
  6799 | D:6      | Killed Prince Ribbit
  7276 | D:6      | Bought a pair of transparent gloves for 180 gold pieces
  7286 | D:6      | Identified the +2 pair of gloves "Seb Xienn" {rN+ SInv Stlth+} (You bought it in a shop on level 6 of the Dungeon)
  7360 | D:7      | Found Peucvoos's Antique Weapon Shoppe.
  7382 | D:7      | Gained mutation: You are immune to rotting. [demonic ancestry]
  7382 | D:7      | Reached XP level 9. HP: 72/73 MP: 9/9
  7409 | D:7      | Found Jozapoga's General Store.
  7432 | D:7      | Reached skill level 5 in Armour
  7785 | D:7      | Noticed Pikel
  7805 | D:7      | Killed Pikel
  7805 | D:7      | Reached skill level 7 in Dodging
  8045 | D:6      | Bought a pair of runed boots for 142 gold pieces
  8055 | D:6      | Identified a +2 pair of boots of running (You bought it in a shop on level 6 of the Dungeon)
  8273 | D:7      | Found Ujaomiocs's General Store.
  8285 | D:7      | Bought a scroll of identify for 22 gold pieces
  8285 | D:7      | Bought a scroll of immolation for 38 gold pieces
  8285 | D:7      | Bought a scroll of teleportation for 33 gold pieces
  8355 | D:7      | Noticed a two-headed ogre
  8366 | D:7      | Killed a two-headed ogre
  8366 | D:7      | Reached skill level 8 in Dodging
  8366 | D:7      | Gained mutation: You are surrounded by a moderate repulsion field. (EV +3) [demonic ancestry]
  8366 | D:7      | Reached XP level 10. HP: 44/83 MP: 10/10
  8725 | D:7      | Bought the cursed scarf of Socwom {rElec} for 176 gold pieces
  9100 | D:8      | Found an ancient bone altar of Kikubaaqudgha.
  9101 | D:8      | Found a shimmering altar of Xom.
  9478 | D:8      | Noticed Erica
  9494 | D:8      | Killed Erica
  9919 | D:6      | Bought a pair of fine gloves for 180 gold pieces
  9931 | D:6      | Identified the +2 pair of gloves of Honour {rElec rC+} (You bought it in a shop on level 6 of the Dungeon)
  9994 | D:9      | Noticed Grum
 10280 | D:9      | Killed Grum
 10280 | D:9      | Reached skill level 10 in Fighting
 10429 | D:9      | Reached skill level 9 in Dodging
 10956 | D:9      | Lost mutation: You are agile. (Dex +2) [potion of mutation]
 10956 | D:9      | Lost mutation: You have a pair of small antennae on your head. [potion of mutation]
 10956 | D:9      | Gained mutation: You occasionally shout uncontrollably at your foes. [potion of mutation]
 10956 | D:9      | Gained mutation: You possess an exceptional clarity of mind. [potion of mutation]
 10956 | D:9      | Gained mutation: Your body sometimes deteriorates upon taking damage. [potion of mutation]
 10956 | D:9      | Gained mutation: You have very sharp fingernails. [potion of mutation]
 11308 | D:10     | Entered Level 10 of the Dungeon
 11308 | D:10     | Found a staircase to the Lair.
 11482 | D:10     | Noticed Nergalle
 11512 | D:10     | Killed Nergalle
 11512 | D:10     | Mutation became permanent: You have sharp fingernails. [demonic ancestry]
 11512 | D:10     | Gained mutation: You have very sharp fingernails. [demonic ancestry]
 11512 | D:10     | Reached XP level 11. HP: 72/92 MP: 11/11
 11516 | D:10     | Lost mutation: You possess an exceptional clarity of mind. [potion of mutation]
 11516 | D:10     | Lost mutation: You occasionally shout uncontrollably at your foes. [potion of mutation]
 11516 | D:10     | Lost mutation: Your body sometimes deteriorates upon taking damage. [potion of mutation]
 11516 | D:10     | Gained mutation: Your mind is acute. (Int +2) [potion of mutation]
 11516 | D:10     | Gained mutation: You passively map a small area around you. [potion of mutation]
 11516 | D:10     | Gained mutation: You have large cloven feet. [potion of mutation]
 11810 | D:10     | Found Efuocw's Antique Weapon Shoppe.
 11839 | D:10     | Noticed an eight-headed hydra
 11846 | D:10     | Killed a four-headed hydra
 12300 | D:10     | Reached skill level 1 in Axes
 12383 | D:10     | Noticed an unseen horror
 12388 | D:10     | Killed an unseen horror
 12773 | D:11     | Found a labyrinth entrance.
 12782 | Lab      | Entered a labyrinth
 12856 | Lab      | Noticed a minotaur
 12880 | Lab      | Killed a minotaur
 12880 | Lab      | Reached skill level 10 in Dodging
 12888 | Lab      | Identified Further Progress in Magic
 12888 | Lab      | Identified the Volume of Stones and Battle Magic
 13313 | D:7      | Bought a pitted morningstar for 180 gold pieces
 13314 | D:7      | Identified the +4 morningstar "Wefait" {freeze, rN++ Dex-2} (You bought it in a shop on level 7 of the Dungeon)
 13374 | D:6      | Bought a pitted plate armour for 532 gold pieces
 13385 | D:6      | Identified the cursed +1 plate armour of the Thoughtful Tales {+Inv} (You bought it in a shop on level 6 of the Dungeon)
 13563 | D:11     | Noticed a four-headed hydra
 13570 | D:11     | Killed a four-headed hydra
 13570 | D:11     | Reached skill level 1 in Shields
 13581 | D:11     | Got an agate-encrusted leather armour
 13716 | D:11     | Noticed Erolcha
 13726 | D:11     | Killed Erolcha
 13927 | D:11     | Noticed a cyan ugly thing
 13940 | D:11     | Killed a cyan ugly thing
 14077 | D:11     | Noticed a two-headed ogre
 14085 | D:11     | Killed a two-headed ogre
 14463 | D:11     | Noticed an unseen horror
 14474 | D:11     | Killed an unseen horror
 14474 | D:11     | Gained mutation: You may emit foul miasma when damaged in melee. [demonic ancestry]
 14474 | D:11     | Reached XP level 12. HP: 99/99 MP: 12/12
 14620 | D:11     | Found a staircase to the Orcish Mines.
 14977 | Lair:1   | Entered Level 1 of the Lair of Beasts
 15026 | Lair:1   | Noticed nocturnal's ghost (journeyman TrCK)
 15995 | Lair:2   | Reached skill level 5 in Maces & Flails
 16357 | Lair:2   | Reached skill level 10 in Armour
 16620 | Lair:2   | Noticed a six-headed hydra
 16631 | Lair:2   | Killed a two-headed hydra
 16631 | Lair:2   | Reached skill level 11 in Dodging
 16712 | Lair:2   | Killed from afar by an oklob plant

Skill      XL: |  1  2  3  4  5  6  7  8  9 10 11 12 |
---------------+-------------------------------------+-----
Dodging        | 1 2 3 4 5 6 8 9 10 11 | 11.0
Fighting       | 3 4 5 6 7 9 10 | 10.8
Armour         | 3 4 6 8 9 10 | 10.1
Axes           | 2 |  2.6
Maces & Flails | 4 5 |  5.3
Shields        | 2 4 |  4.1
Long Blades    | |  1.7
Stealth        | |  1.0
Evocations     | |  1.0

Action                   |  1- 3 |  4- 6 |  7- 9 | 10-12 || total
-------------------------+-------+-------+-------+-------++-------
Melee: Mace              |   125 |   204 |   194 |       ||   523
       Battleaxe         |       |       |   158 |   358 ||   516
       Morningstar       |       |       |       |   283 ||   283
       Scimitar          |       |       |       |    23 ||    23
Throw: Tomahawk          |       |       |     4 |    12 ||    16
Invok: Call Merchant     |       |       |     1 |       ||     1
       Potion Petition   |       |       |       |     1 ||     1
Evoke: Wand              |       |       |     3 |     8 ||    11
  Use: Scroll            |       |    10 |     4 |    10 ||    24
       Potion            |       |       |     6 |     7 ||    13
 Stab: Sleeping          |     1 |       |     2 |     6 ||     9
       Distracted        |       |       |     1 |     5 ||     6
       Invisible         |       |       |       |     2 ||     2
  Eat: Chunk             |     3 |       |       |       ||     3
       Royal jelly       |       |     3 |     1 |     1 ||     5
       Fruit             |       |     2 |     4 |     4 ||    10
       Bread ration      |       |     1 |     1 |     4 ||     6
       Meat ration       |       |       |       |     1 ||     1
Armor: Robe              |    37 |       |       |       ||    37
       Ring mail         |    17 |     7 |       |       ||    24
       Scale mail        |       |    68 |   126 |   251 ||   445
       Skin              |       |       |     4 |       ||     4
Dodge: Dodged            |   121 |   152 |   318 |   661 ||  1252
Block: Large shield      |       |       |       |   405 ||   405
       Rpst.: Scimitar   |       |       |       |     2 ||     2
